 Dungeon Crawl Stone Soup version 0.21.1-1-g345015f (webtiles) character file.

7462 empire the Carver (level 10, -3/88 HPs)
             Began as a Minotaur Fighter on July 2, 2018.
             Was a Believer of Cheibriados.
             Slain by a sun demon (19 damage)
             ... summoned by a kobold demonologist
             ... on level 11 of the Dungeon on July 3, 2018.
             The game lasted 00:24:12 (10793 turns).

empire the Carver (Minotaur Fighter)               Turns: 10793, Time: 00:24:13

Health: -3/88      AC: 13    Str: 27    XL:     10   Next: 94%
Magic:  14/14      EV: 11    Int:  9    God:    Cheibriados [**....]
Gold:   197        SH: 15    Dex: 15    Spells: 8/13 levels left

rFire    . . .     SeeInvis .   a - +1 long sword
rCold    . . .     Gourm    .   i - +2 shield
rNeg     . . .     Faith    .   d - +0 chain mail {rPois}
rPois    +         Spirit   .   (helmet restricted)
rElec    .         Reflect  +   u - +1 cloak {rPois}
rCorr    .         Harm     .   (no gloves)
MR       +....                  (no boots)
Stlth    ..........             k - +3 amulet of reflection
HPRegen  0.24/turn              o - ring of protection from magic
MPRegen  0.14/turn              (no ring)

@: very slow
A: retaliatory headbutt, horns 2
a: Bend Time, Renounce Religion


You were on level 11 of the Dungeon.
You worshipped Cheibriados.
Cheibriados was pleased with you.
You were not hungry.

You visited 2 branches of the dungeon, and saw 12 of its levels.

You collected 692 gold pieces.
You spent 495 gold pieces at shops.

Inventory:

Hand Weapons
 a - a +1 long sword (weapon)
Armour
 d - a +0 chain mail of poison resistance (worn)
 i - a +2 shield (worn)
 u - a +1 cloak of poison resistance (worn)
Jewellery
 k - a +3 amulet of reflection (around neck)
 o - a ring of protection from magic (left hand)
 s - an uncursed ring of stealth {unknown}
Wands
 l - a wand of iceblast (4)
Scrolls
 g - 7 scrolls of remove curse
 h - a scroll of silence
 m - a scroll of amnesia
 p - 2 scrolls of identify
 q - 2 scrolls of enchant weapon
 r - a scroll of summoning
 t - a scroll of magic mapping
 w - 6 scrolls of teleportation
 y - a scroll of fog
 A - a scroll of blinking
Potions
 b - a potion of magic {unknown}
 e - a potion of invisibility
 n - a potion of ambrosia {unknown}
 z - a potion of mutation {unknown}
 B - a potion of flight {unknown}
 G - a potion of curing
 H - a potion of agility {unknown}
Books
 c - a book of Misfortune

   Spells                             Type                      Level
   a - Confusing Touch                Hexes                        1
   b - Confuse                        Hexes                        3
   c - Gell's Gravitas                Translocation                3
   d - Petrify                        Transmutation/Earth          4
   e - Metabolic Englaciation         Hexes/Ice                    5
   f - Yara's Violent Unravelling     Hexes/Transmutation          5
 v - a book of Cantrips

   Spells                             Type                      Level
   a - Confusing Touch                Hexes                        1
   b - Animate Skeleton               Necromancy                   1
   c - Summon Small Mammal            Summoning                    1
   d - Apportation                    Translocation                1
Comestibles
 f - 11 rations
 j - 10 chunks of flesh


   Skills:
 - Level 7.7 Fighting
 * Level 11.0 Long Blades
 - Level 8.0 Armour
 - Level 8.2 Dodging
 - Level 4.0 Shields
 - Level 2.0 Spellcasting
 + Level 3.0 Earth Magic
 - Level 7.0 Invocations


You had 8 spell levels left.
You knew the following spells:

 Your Spells              Type           Power        Failure   Level  Hunger
a - Lee's Rapid Deconstr  Erth           #.........   100%        5    ######.


Dungeon Overview and Level Annotations

Branches:
Dungeon (11/15)            Temple (1/1) D:7            Lair (0/6) D:10
    Orc: D:9-12

Altars:
Ashenzari
Cheibriados
Dithmenos
Elyvilon
Fedhas
Gozag
Hepliaklqana
Kikubaaqudgha
Makhleb
Nemelex Xobeh
Okawaru
Qazlal
Ru
Sif Muna
Trog
Uskayaw
Vehumet
Wu Jian
Xom
Yredelemnul
Zin
The Shining One

Shops:
D:4 =   D:6 [   D:7 :   D:9 [:%?   D:10 ?

Annotations:
D:8 1 runed door


Innate Abilities, Weirdness & Mutations

You reflexively headbutt those who attack you in melee.
You have a pair of horns on your head.


Message History

The big kobold hits you but does no damage.
As you read the scroll of fear, it crumbles to dust.
You assume a fearsome visage.
The quasit is unaffected.
The crimson imp is unaffected.
The sun demon is unaffected.
The neqoxec is unaffected.
The ice devil is unaffected.
The kobold demonologist looks frightened!
The big kobold looks frightened!
The kobold demonologist looks frightened!
The smoke demon is unaffected.
The kobold demonologist looks frightened!
The big kobold looks frightened!
The iron imp is unaffected.
The ice devil hits you but does no damage.
The smoke demon gestures at you. Something smites you!
* * * LOW HITPOINT WARNING * * *
The crimson imp blinks!
The quasit barely misses you.
You riposte.
You slash the quasit! Your headbutt misses the quasit.
The quasit is heavily wounded.
You block the quasit's attack. x2; The sun demon hits you!!
You die...

########## ##
#..).KKK.###### #.
#...KK@435....# #.
#....335)#....# #.
#....5.ยง.#....# #.
############..########.
#.......#........
#.......#...#....
#.......#...#....
#.....<.#...#....
#.......#...#....


You could see a sun demon, an ice devil, 3 kobold demonologists, a smoke demon,
a neqoxec, 2 big kobolds, an iron imp, a quasit and a crimson imp.

Vanquished Creatures
  3 two-headed ogres
  Pikel (D:4)
  An oklob plant (D:10)
  A centaur skeleton (D:10)
  The ghost of RottenKnight the Conjurer, an amateur DrCj (D:5)
  A wyvern (D:8)
  Eustachio (D:4)
  A hungry ghost (D:8)
  6 ice beasts
  A sky beast (D:6)
  2 orc warriors (D:7)
  An eye of draining (D:8)
  3 phantoms
  9 ogres
  A crocodile (D:10)
  A bullfrog (D:7)
  A wyvern zombie (D:9)
  2 scorpions
  3 howler monkeys
  7 crimson imps
  3 centaur zombies
  A quasit (D:5)
  3 hounds
  6 orc priests
  A bullfrog zombie (D:8)
  Crazy Yiuf (D:4)
  A jelly (D:8)
  2 iguanas
  10 orc wizards
  3 worker ants
  A killer bee zombie (D:10)
  A hound zombie (D:5)
  A howler monkey zombie (D:9)
  3 gnolls (D:4)
  6 adders
  6 shadow imps
  2 adder zombies
  4 worms
  3 dart slugs
  5 leopard geckos
  27 orcs
  5 giant cockroaches
  7 goblins
  8 hobgoblins
  12 jackals
  6 kobolds
  6 quokkas
  2 ball pythons
  7 bats
  2 frilled lizards (D:3)
  A goblin skeleton (D:8)
  A goblin zombie (D:8)
  4 hobgoblin zombies (D:8)
  A jackal zombie (D:7)
  2 kobold skeletons (D:8)
  A leopard gecko zombie (D:5)
  3 orc skeletons (D:8)
  3 orc zombies (D:8)
  7 rats
  5 plants (D:10)
220 creatures vanquished.

Vanquished Creatures (others)
  A centaur (D:10)
  An orc (D:8)
  A quokka (D:4)
  A kobold (D:11)
4 creatures vanquished.

Grand Total: 224 creatures vanquished

Notes
Turn   | Place    | Note
-------+----------+-------------------------------------------
     0 | D:1      | empire the Minotaur Fighter began the quest for the Orb.
     0 | D:1      | Reached XP level 1. HP: 19/19 MP: 0/0
    61 | D:1      | Found a hide-covered altar of Uskayaw.
    67 | D:1      | Reached XP level 2. HP: 26/26 MP: 1/1
   156 | D:1      | Reached skill level 3 in Long Blades
   435 | D:1      | Reached XP level 3. HP: 31/31 MP: 2/2
   822 | D:2      | Reached skill level 4 in Long Blades
  1486 | D:4      | Reached skill level 5 in Long Blades
  1486 | D:4      | Reached XP level 4. HP: 14/39 MP: 3/3
  1498 | D:4      | Reached skill level 6 in Long Blades
  1498 | D:4      | Reached XP level 5. HP: 17/45 MP: 4/4
  1744 | D:4      | Noticed a phantom
  1763 | D:4      | Killed a phantom
  1769 | D:4      | Found an iron altar of Okawaru.
  1777 | D:4      | Reached XP level 6. HP: 36/52 MP: 5/5
  1997 | D:4      | Found Ritzy's Jewellery Shoppe.
  2025 | D:4      | Noticed Eustachio
  2089 | D:4      | Killed Eustachio
  2089 | D:4      | Reached skill level 5 in Dodging
  2159 | D:4      | Noticed a slave
  2160 | D:4      | Noticed Pikel
  2160 | D:4      | Noticed a slave
  2160 | D:4      | Noticed a slave
  2160 | D:4      | Noticed a slave
  2171 | D:4      | Killed Pikel
  2171 | D:4      | Reached XP level 7. HP: 21/59 MP: 6/6
  2400 | D:4      | Found a runed door.
  2450 | D:4      | Reached XP level 8. HP: 38/66 MP: 7/7
  2801 | D:4      | Noticed Crazy Yiuf
  2805 | D:4      | Killed Crazy Yiuf
  2883 | D:3      | Found a radiant altar of Vehumet.
  2984 | D:3      | Found a sacrificial altar of Ru.
  3224 | D:3      | Reached skill level 7 in Long Blades
  3623 | D:5      | Entered Level 5 of the Dungeon
  3679 | D:5      | Found a white marble altar of Elyvilon.
  3692 | D:5      | Reached skill level 8 in Long Blades
  4118 | D:5      | Noticed RottenKnight's ghost (amateur DrCj)
  4147 | D:5      | Killed RottenKnight's ghost
  4147 | D:5      | Reached skill level 9 in Long Blades
  4482 | D:5      | Found an opulent altar of Gozag.
  4483 | D:5      | Found an ancient bone altar of Kikubaaqudgha.
  4485 | D:5      | Found a shattered altar of Ashenzari.
  4485 | D:5      | Found a hide-covered altar of Uskayaw.
  4487 | D:5      | Found a burning altar of Makhleb.
  4488 | D:5      | Found a basalt altar of Yredelemnul.
  5151 | D:6      | Reached skill level 10 in Long Blades
  5212 | D:6      | Found Hoteh's Antique Armour Shoppe.
  5294 | D:6      | Reached XP level 9. HP: 71/71 MP: 8/8
  5373 | D:6      | Found an ornate altar of the Wu Jian Council.
  5580 | D:6      | You fall through a shaft for 2 floors!
  5618 | D:8      | Reached skill level 5 in Armour
  5626 | D:8      | Noticed a fire giant
  5626 | D:8      | Noticed a cyclops
  5627 | D:8      | Found a runed door.
  5629 | D:8      | Noticed a centaur warrior
  5629 | D:8      | Noticed a harpy
  5629 | D:8      | Noticed a flayed ghost
  5629 | D:8      | Noticed a yaktaur captain
  5841 | D:7      | HP: 1/71 [orc warrior/mace (17)]
  6428 | D:7      | Found Cahuk's Book Emporium.
  6854 | D:7      | Found a staircase to the Ecumenical Temple.
  6862 | Temple   | Entered the Ecumenical Temple
  6870 | Temple   | Became a worshipper of Cheibriados the Contemplative
  7224 | D:6      | Reached skill level 1 in Invocations
  7715 | D:8      | Found a glowing golden altar of the Shining One.
  8069 | D:8      | Reached * piety under Cheibriados
  8165 | D:8      | Got an ichor-stained dagger
  8199 | D:8      | Reached skill level 5 in Invocations
  8527 | D:9      | Found Miakk's Food Shop.
  8532 | D:9      | Noticed a two-headed ogre
  8550 | D:9      | Killed a two-headed ogre
  8550 | D:9      | Reached XP level 10. HP: 25/78 MP: 12/14
  8921 | D:9      | Found Mumekhotz's Magic Scroll Boutique.
  8946 | D:9      | Bought a scroll of summoning for 95 gold pieces
  8946 | D:9      | Bought a scroll of vulnerability for 75 gold pieces
  8946 | D:9      | Bought a scroll of amnesia for 35 gold pieces
  8946 | D:9      | Bought a scroll of fear for 35 gold pieces
  8946 | D:9      | Bought a scroll of torment for 75 gold pieces
  9011 | D:9      | Reached skill level 5 in Fighting
  9055 | D:9      | Found Geong's Book Shop.
  9114 | D:9      | Found Niutz's Antique Armour Boutique.
  9152 | D:9      | Learned a level 5 spell: Lee's Rapid Deconstruction
  9165 | D:9      | Noticed a two-headed ogre
  9175 | D:9      | Killed a two-headed ogre
  9175 | D:9      | Reached skill level 1 in Spellcasting
  9175 | D:9      | Reached skill level 1 in Earth Magic
  9809 | D:10     | Entered Level 10 of the Dungeon
  9812 | D:10     | Found Zool's Magic Scroll Boutique.
  9823 | D:10     | Bought a scroll of enchant armour for 90 gold pieces
  9823 | D:10     | Bought a scroll of silence for 90 gold pieces
  9833 | D:10     | Reached ** piety under Cheibriados
  9859 | D:10     | Noticed an oklob plant
  9891 | D:10     | Found a staircase to the Lair.
 10337 | D:10     | Found a glowing silver altar of Zin.
 10476 | D:10     | Killed an oklob plant
 10763 | D:11     | Noticed a two-headed ogre
 10768 | D:11     | Killed a two-headed ogre
 10768 | D:11     | Reached skill level 11 in Long Blades
 10785 | D:11     | Noticed a sun demon
 10790 | D:11     | Noticed a smoke demon
 10793 | D:11     | Slain by a sun demon

Skill      XL: |  1  2  3  4  5  6  7  8  9 10 |
---------------+-------------------------------+-----
Shields        | 4 |  4.0
Armour         | 4 8 |  8.0
Long Blades    | 3 5 6 10 11 | 11.0
Fighting       | 4 7 |  7.7
Dodging        | 3 7 8 |  8.2
Invocations    | 6 7 |  7.0
Spellcasting   | 2 |  2.0
Earth Magic    | 3 |  3.0

Action                   |  1- 3 |  4- 6 |  7- 9 | 10-12 || total
-------------------------+-------+-------+-------+-------++-------
Melee: Long sword        |   118 |   108 |   462 |   197 ||   885
       Headbutt          |    21 |    17 |    93 |    66 ||   197
  Use: Potion            |       |     4 |     2 |     1 ||     7
       Scroll            |       |       |    15 |     6 ||    21
  Eat: Chunk             |     2 |     2 |    20 |     4 ||    28
       Ration            |       |       |     1 |       ||     1
Armor: Scale mail        |    61 |    48 |    49 |       ||   158
       Chain mail        |       |       |    74 |    37 ||   111
Dodge: Dodged            |    32 |    46 |   142 |    44 ||   264
Block: Shield            |    63 |    62 |   205 |    92 ||   422
       Reflection        |       |       |     2 |     9 ||    11
       Rpst.: Long sword |     9 |     8 |    35 |    14 ||    66
